 Dungeon Crawl Stone Soup version 0.28-a0-821-g923ab73998 (webtiles) character file.

Game seed: 11847313269503947355

12565 Gargoyl the Fighter (level 11, -1/89 HPs)
             Began as a Gnoll Abyssal Knight on Nov 9, 2021.
             Was an Elder of Lugonu.
             Killed from afar by an electric eel (12 damage)
             ... with a bolt of electricity
             ... on level 2 of the Lair of Beasts.
             The game lasted 00:20:39 (12205 turns).

Gargoyl the Fighter (Gnoll Abyssal Knight)         Turns: 12205, Time: 00:20:40

Health: -1/89      AC: 16    Str: 22    XL:     11   Next: 95%
Magic:  21/21      EV: 10    Int: 10    God:    Lugonu [****..]
Gold:   379        SH:  0    Dex: 18    Spells: 23/23 levels left

rFire   . . .      SeeInvis .   b - +5 hand axe (drain)
rCold   . . .      Faith    .   d - +0 buckler
rNeg    . . .      Spirit   .   z - +0 plate armour
rPois   .          Reflect  .   l - +0 helmet
rElec   .          Harm     .   v - +0 cloak
rCorr   .          Rampage  .   (no gloves)
Will    .....                   (no boots)
Stlth   ..........              (no amulet)
HPRegen 0.24/turn               j - +6 ring of strength
MPRegen 0.17/turn               y - +6 ring of dexterity

@: confused, ambrosia-drunk
A: fangs 1, strong nose, distributed training
a: Renounce Religion, Depart the Abyss, Bend Space, Banish, Corrupt


You were on level 2 of the Lair of Beasts.
You worshipped Lugonu.
Lugonu was greatly pleased with you.
You visited 2 branches of the dungeon, and saw 10 of its levels.
You visited the Abyss 1 time.

You collected 590 gold pieces.
You spent 211 gold pieces at shops.

Inventory:

Hand Weapons
 a - a +2 hand axe
 b - a +5 hand axe of draining (weapon)
 w - a +2 war axe of venom
Missiles
 c - 79 poisoned darts (quivered)
Armour
 d - a +0 buckler (worn)
 l - a +0 helmet (worn)
 v - a +0 cloak (worn)
 z - a +0 plate armour (worn)
Jewellery
 j - a +6 ring of strength (left hand)
 n - a ring of flight
 y - a +6 ring of dexterity (right hand)
 D - a +6 ring of strength
Wands
 e - a wand of flame (36)
 f - a wand of polymorph (5)
 m - a wand of digging (4)
 C - a wand of iceblast (12)
 F - a wand of paralysis (10)
Scrolls
 i - 6 scrolls of teleportation
 r - a scroll of blinking
 B - 2 scrolls of magic mapping
Potions
 g - 3 potions of lignification
 h - 5 potions of haste
 k - 2 potions of might
 o - a potion of curing
 q - a potion of flight {unknown}
 s - a potion of experience {unknown}
 t - a potion of invisibility {unknown}
 u - 2 potions of heal wounds {unknown}
 x - a potion of resistance {unknown}
 A - a potion of cancellation {unknown}
 E - 2 potions of degeneration {unknown}


   Skills:
 + Level 9.5 Fighting
 + Level 6.7 Short Blades
 + Level 6.7 Long Blades
 + Level 8.2 Axes
 + Level 6.7 Maces & Flails
 + Level 6.7 Polearms
 + Level 6.7 Staves
 + Level 6.7 Slings
 + Level 6.7 Bows
 + Level 6.7 Crossbows
 + Level 6.7 Throwing
 + Level 8.2 Armour
 + Level 7.3 Dodging
 + Level 6.7 Stealth
 + Level 6.7 Shields
 + Level 6.7 Unarmed Combat
 + Level 6.7 Spellcasting
 + Level 5.6 Conjurations
 + Level 5.6 Hexes
 + Level 5.6 Summonings
 + Level 5.6 Necromancy
 + Level 5.6 Translocations
 + Level 5.6 Transmutations
 + Level 5.6 Fire Magic
 + Level 5.6 Ice Magic
 + Level 5.6 Air Magic
 + Level 5.6 Earth Magic
 + Level 5.6 Poison Magic
 + Level 8.8 Invocations
 + Level 6.7 Evocations


You had 23 spell levels left.
You didn't know any spells.
Your spell library contained the following spells:

 Spells                   Type           Power      Damage    Failure   Level
 Animate Skeleton         Necr           28%        N/A       30%         1
 Apportation              Tloc           28%        N/A       30%         1
 Pain                     Necr           56%        1d6       30%         1
 Summon Small Mammal      Summ           56%        N/A       30%         1
 Static Discharge         Conj/Air       14%        N/A       41%         2
 Vampiric Draining        Necr           14%        2d7       65%         3
 Lightning Bolt           Conj/Air       7%         1d19      100%        5
 Borgnjor's Revivificati  Necr           7%         N/A       100%        8
 Maxwell's Capacitive Co  Air            7%         ∞         100%        8
 Necromutation            Tmut/Necr      7%         N/A       100%        8
 Death's Door             Necr           7%         N/A       100%        9


Dungeon Overview and Level Annotations

Branches:
Dungeon (8/15)             Temple (0/1) D:7            Lair (2/6) D:8
  Swamp (0/4) Lair:2
  Snake: Lair:2-4    Spider: Lair:2-4

Altars:
Cheibriados
Kikubaaqudgha
Makhleb
Okawaru
Qazlal
Sif Muna
Uskayaw
Xom
Yredelemnul
Zin

Shops:
D:3 (*?*?   D:4 *

Annotations:
Abyss:1 Gastronok


Innate Abilities, Weirdness & Mutations

You have very sharp teeth.
Your uncanny sense of smell can sniff out nearby items.
Your experience applies equally to all skills.


Message History

Found a staircase to the Swamp.
An electric eel comes into view.
The electric eel shoots out a bolt of lightning at you!
The bolt of electricity hits you!
The electric eel shoots out a bolt of lightning at you!
The bolt of electricity hits you! x2
The electric eel shoots out a bolt of lightning at you!
The bolt of electricity hits the electric eel.
The electric eel completely resists.
The bolt of electricity hits you.
The electric eel shoots out a bolt of lightning at you!
The bolt of electricity hits the electric eel.
The electric eel completely resists.
The bolt of electricity hits you.
The electric eel shoots out a bolt of lightning at you!
The bolt of electricity hits you.
The bolt of electricity hits the plant!
The plant begins to die.
The bolt of electricity hits the plant!
Okay, then.
Unknown command.
The electric eel shoots out a bolt of lightning at you!
The bolt of electricity hits the electric eel.
The electric eel completely resists.
The bolt of electricity hits the electric eel.
The electric eel completely resists.
The bolt of electricity hits you!
The electric eel shoots out a bolt of lightning at you!
The bolt of electricity hits you.
The electric eel shoots out a bolt of lightning at you!
The bolt of electricity hits you!
* * * LOW HITPOINT WARNING * * *
The bolt of electricity hits you.
* * * LOW HITPOINT WARNING * * *
Unknown command.
The electric eel shoots out a bolt of lightning at you!
The bolt of electricity hits the electric eel.
The electric eel completely resists.
The bolt of electricity hits you!
* * * LOW HITPOINT WARNING * * *
You are confused.
You feel invigorated.
The electric eel shoots out a bolt of lightning at you!
The bolt of electricity hits the electric eel.
The electric eel completely resists.
The bolt of electricity hits you!
You die...

......^#### ....§.
.........## #.§§§..
..[.....#.# .§§§.§.
......)...### .§.§≈S≈
.....>......#### .§§SS§§
........†...##.####...S§§≈
.....#.......#..#P....S§§≈
................#......§§≈
....(..........#@.........
...........†>.............
#P.........†.............#
#........P...<..........##
#......#............P.###
##....#............###.# #
#.#.##...........# ##
##.##.....#.......# #
###############


You could see 4 electric eels.

Vanquished Creatures
  A deep elf pyromancer (D:7)
  An elephant (D:6)
  A black mamba (Lair:2)
  4 cane toads
  2 komodo dragons
  A polar bear (Lair:1)
  5 blink frogs (Lair:1)
  Sigmund (D:4)
  16 yaks
  3 basilisks
  Edmund (D:4)
  6 water moccasins
  2 sky beasts
  2 orc warriors
  3 ice beasts
  2 black bears
  A necrophage (D:8)
  2 ogres
  2 centaurs (D:5)
  A phantom (D:6)
  A kobold brigand (D:8)
  8 bullfrogs
  A gnoll sergeant (D:6)
  2 scorpions
  A water moccasin skeleton (D:7)
  8 killer bees
  A vampire bat (D:5)
  A howler monkey (D:6)
  4 wights (D:8)
  A centaur zombie (D:6)
  A hound (D:6)
  A jelly (D:7)
  2 bullfrog skeletons (D:6)
  4 orc priests
  Jessica (D:3)
  An iguana (D:4)
  Natasha (thrice) (D:4)
  2 orc wizards
  A killer bee zombie (D:7)
  A hound zombie (D:5)
  A mummy (D:5)
  A howler monkey zombie (D:5)
  Robin (D:3)
  A howler monkey skeleton (D:7)
  7 gnolls
  4 adders
  2 ufetubi (D:6)
  An adder skeleton (D:3)
  3 dart slugs
  2 worms
  22 orcs
  2 bat skeletons (D:5)
  2 bat zombies (D:5)
  4 endoplasms
  4 giant cockroaches
  19 goblins
  10 hobgoblins
  2 jackals (D:1)
  4 kobolds
  3 quokkas
  6 ball pythons
  A bat (D:1)
  5 frilled lizards
  4 rats
213 creatures vanquished.

Vanquished Creatures (others)
  2 fungi
  A lurking horror (Abyss:2)
  8 plants
11 creatures vanquished.

Grand Total: 224 creatures vanquished

Notes
Turn   | Place    | Note
-------+----------+-------------------------------------------
     0 | Abyss:1  | Gargoyl the Gnoll Abyssal Knight began the quest for the
                  | Orb.
     0 | Abyss:1  | Reached XP level 1. HP: 23/23 MP: 3/3
    60 | Abyss:1  | Noticed a ynoxinul
   166 | Abyss:2  | Noticed a large abomination
   185 | Abyss:2  | Noticed a bone dragon
   188 | D:1      | Escaped the Abyss
   406 | D:1      | Reached * piety under Lugonu
   415 | D:1      | Reached XP level 2. HP: 10/29 MP: 5/5
  1147 | D:1      | Reached XP level 3. HP: 29/35 MP: 4/6
  1634 | D:2      | Found a faded altar of an unknown god.
  2198 | D:3      | Found Daasois's Magic Scroll Shoppe.
  2202 | D:3      | Reached skill level 1 in Short Blades
  2202 | D:3      | Reached skill level 1 in Long Blades
  2202 | D:3      | Reached skill level 1 in Maces & Flails
  2202 | D:3      | Reached skill level 1 in Polearms
  2202 | D:3      | Reached skill level 1 in Staves
  2202 | D:3      | Reached skill level 1 in Slings
  2202 | D:3      | Reached skill level 1 in Bows
  2202 | D:3      | Reached skill level 1 in Crossbows
  2202 | D:3      | Reached skill level 1 in Throwing
  2202 | D:3      | Reached skill level 1 in Stealth
  2202 | D:3      | Reached skill level 1 in Shields
  2202 | D:3      | Reached skill level 1 in Unarmed Combat
  2202 | D:3      | Reached skill level 1 in Spellcasting
  2202 | D:3      | Reached skill level 1 in Evocations
  2206 | D:3      | Bought a scroll of teleportation for 39 gold pieces
  2206 | D:3      | Bought a scroll of teleportation for 39 gold pieces
  2224 | D:3      | Found Merghuxty's Assorted Antiques.
  2241 | D:3      | Reached XP level 4. HP: 37/41 MP: 5/7
  2281 | D:3      | Found a burning altar of Makhleb.
  2387 | D:3      | Found Keikkut's Magic Scroll Shoppe.
  2398 | D:3      | Bought a scroll of teleportation for 36 gold pieces
  2464 | D:3      | Noticed Robin
  2477 | D:3      | Reached ** piety under Lugonu
  2494 | D:3      | Killed Robin
  2498 | D:3      | Reached skill level 1 in Conjurations
  2498 | D:3      | Reached skill level 1 in Hexes
  2498 | D:3      | Reached skill level 1 in Summonings
  2498 | D:3      | Reached skill level 1 in Necromancy
  2498 | D:3      | Reached skill level 1 in Translocations
  2498 | D:3      | Reached skill level 1 in Transmutations
  2498 | D:3      | Reached skill level 1 in Fire Magic
  2498 | D:3      | Reached skill level 1 in Ice Magic
  2498 | D:3      | Reached skill level 1 in Air Magic
  2498 | D:3      | Reached skill level 1 in Earth Magic
  2498 | D:3      | Reached skill level 1 in Poison Magic
  2712 | D:3      | Found Mere's General Store.
  2789 | D:3      | Found Ugaes's Antique Weapon Shoppe.
  2972 | D:3      | Noticed Jessica
  2990 | D:3      | Found a shimmering blue altar of Sif Muna.
  2992 | D:3      | Killed Jessica
  2993 | D:3      | Reached XP level 5. HP: 47/47 MP: 8/8
  3140 | D:4      | Noticed Natasha
  3150 | D:4      | Killed Natasha
  3152 | D:4      | Noticed Natasha
  3166 | D:4      | Killed Natasha
  3364 | D:4      | Noticed an ogre
  3382 | D:4      | Killed an ogre
  3383 | D:4      | Reached skill level 5 in Invocations
  3383 | D:4      | Reached XP level 6. HP: 36/53 MP: 6/9
  3625 | D:4      | Found Eurch's Eclectic Emporium.
  3630 | D:4      | Noticed Natasha
  3638 | D:4      | Killed Natasha
  3639 | D:4      | Reached skill level 5 in Axes
  3639 | D:4      | Reached skill level 5 in Armour
  3923 | D:4      | Noticed Edmund
  3944 | D:4      | Killed Edmund
  3945 | D:4      | Reached XP level 7. HP: 56/59 MP: 8/10
  4007 | D:4      | Bought a scroll of enchant weapon for 97 gold pieces
  4014 | D:4      | Reached skill level 7 in Fighting
  4144 | D:4      | Noticed Sigmund
  4167 | D:4      | Killed Sigmund
  4357 | D:5      | Entered Level 5 of the Dungeon
  4613 | D:5      | Found a snail-covered altar of Cheibriados.
  4645 | D:5      | Reached XP level 8. HP: 67/67 MP: 12/12
  4912 | D:5      | Found an ancient bone altar of Kikubaaqudgha.
  4914 | D:5      | Reached *** piety under Lugonu
  5862 | D:6      | Found a shimmering altar of Xom.
  5947 | D:6      | Reached XP level 9. HP: 63/72 MP: 12/14
  6603 | D:7      | Found an iron altar of Okawaru.
  6776 | D:7      | Found a hide-covered altar of Uskayaw.
  6824 | D:7      | Found a staircase to the Ecumenical Temple.
  6876 | D:7      | Identified the +1 leather armour "Tiorelu" {rPois rN+
                  | Str-4}
  6944 | D:7      | Reached skill level 5 in Dodging
  7036 | D:7      | Found a stormy altar of Qazlal.
  7048 | D:7      | Found a glowing silver altar of Zin.
  7275 | D:7      | Noticed a deep elf pyromancer
  7291 | D:7      | Killed a deep elf pyromancer
  7292 | D:7      | Reached skill level 8 in Fighting
  7916 | D:8      | Reached XP level 10. HP: 57/80 MP: 12/17
  8163 | D:8      | Found a staircase to the Lair.
  8163 | D:8      | Noticed an elephant
  8213 | D:7      | Reached **** piety under Lugonu
  8239 | D:6      | Killed an elephant
  8240 | D:6      | Reached skill level 5 in Short Blades
  8240 | D:6      | Reached skill level 5 in Long Blades
  8240 | D:6      | Reached skill level 5 in Maces & Flails
  8240 | D:6      | Reached skill level 5 in Polearms
  8240 | D:6      | Reached skill level 5 in Staves
  8240 | D:6      | Reached skill level 5 in Slings
  8240 | D:6      | Reached skill level 5 in Bows
  8240 | D:6      | Reached skill level 5 in Crossbows
  8240 | D:6      | Reached skill level 5 in Throwing
  8240 | D:6      | Reached skill level 5 in Stealth
  8240 | D:6      | Reached skill level 5 in Shields
  8240 | D:6      | Reached skill level 5 in Unarmed Combat
  8240 | D:6      | Reached skill level 5 in Spellcasting
  8240 | D:6      | Reached skill level 5 in Evocations
  8432 | D:8      | Noticed Gastronok
  8455 | D:8      | Banished Gastronok
  9289 | Lair:1   | Entered Level 1 of the Lair of Beasts
  9290 | Lair:1   | Noticed a cane toad
  9436 | Lair:1   | Killed a cane toad
  9475 | Lair:1   | Reached XP level 11. HP: 50/87 MP: 12/19
  9499 | Lair:1   | Reached skill level 9 in Fighting
  9508 | Lair:1   | Reached skill level 5 in Conjurations
  9508 | Lair:1   | Reached skill level 5 in Hexes
  9508 | Lair:1   | Reached skill level 5 in Summonings
  9508 | Lair:1   | Reached skill level 5 in Necromancy
  9508 | Lair:1   | Reached skill level 5 in Translocations
  9508 | Lair:1   | Reached skill level 5 in Transmutations
  9508 | Lair:1   | Reached skill level 5 in Fire Magic
  9508 | Lair:1   | Reached skill level 5 in Ice Magic
  9508 | Lair:1   | Reached skill level 5 in Air Magic
  9508 | Lair:1   | Reached skill level 5 in Earth Magic
  9508 | Lair:1   | Reached skill level 5 in Poison Magic
  9742 | Lair:1   | Noticed a four-headed hydra
  9744 | Lair:1   | Banished a four-headed hydra
 11775 | Lair:2   | Found a basalt altar of Yredelemnul.
 12201 | Lair:2   | Found a staircase to the Swamp.
 12205 | Lair:2   | Killed from afar by an electric eel

Illustrated notes

Levels and vault maps discovered:
D:1:      scummos_arrival_star, layout_basic, dk_noncrumbling_3,
          minmay_misc_feat_pillars, minmay_misc_feat_encased
D:2:      layout_basic, hellmonk_ecumenical_altar_inner_sanctum
D:3:      layout_basic, tgw_sif, mainiacjoe_overflow_small_starburst,
          serial_shops, shop, shop, nicolae_shop_statue_plus,
          nicolae_diamond_shop, shop, uniq_robin
D:4:      layout_cave_pools, nicolae_alphabet_shops, serial_bayou_lake_a,
          uniq_natasha, uniq_edmund, uniq_sigmund
D:5:      layout_basic, slow_altar_2, kennysheep_vampire_church,
          minmay_misc_feat_chi, minmay_statues_item, supply_closet_lemuel,
          grunt_ministairs_13
D:6:      layout_loops_ring, brannock_xom_greatest_gift, chequers_mini_garden
D:7:      layout_cave_pools, lemuel_doored_altar, overflow_temple_1_default,
          amethyst_overflow_temple_binary, minmay_temple_entry_proselytizer,
          grunt_potential
D:8:      layout_loops_ring, david_lair_generic, minmay_misc_feat_five,
          uniq_gastronok
Lair:1:   layout_cave_pods
Lair:2:   layout_cave_shapes, minmay_swamp_entry_eels, lemuel_centaur_altar

Skill      XL: |  1  2  3  4  5  6  7  8  9 10 11 |
---------------+----------------------------------+-----
Short Blades   | 1 2 3 4 5 6 |  6.7
Long Blades    | 1 2 3 4 5 6 |  6.7
Maces & Flails | 1 2 3 4 5 6 |  6.7
Polearms       | 1 2 3 4 5 6 |  6.7
Staves         | 1 2 3 4 5 6 |  6.7
Slings         | 1 2 3 4 5 6 |  6.7
Bows           | 1 2 3 4 5 6 |  6.7
Crossbows      | 1 2 3 4 5 6 |  6.7
Throwing       | 1 2 3 4 5 6 |  6.7
Stealth        | 1 2 3 4 5 6 |  6.7
Shields        | 1 2 3 4 5 6 |  6.7
Unarmed Combat | 1 2 3 4 5 6 |  6.7
Spellcasting   | 1 2 3 4 5 6 |  6.7
Evocations     | 1 2 3 4 5 6 |  6.7
Conjurations   | 1 2 3 4 5 |  5.6
Hexes          | 1 2 3 4 5 |  5.6
Summonings     | 1 2 3 4 5 |  5.6
Necromancy     | 1 2 3 4 5 |  5.6
Translocations | 1 2 3 4 5 |  5.6
Transmutations | 1 2 3 4 5 |  5.6
Fire Magic     | 1 2 3 4 5 |  5.6
Ice Magic      | 1 2 3 4 5 |  5.6
Air Magic      | 1 2 3 4 5 |  5.6
Earth Magic    | 1 2 3 4 5 |  5.6
Poison Magic   | 1 2 3 4 5 |  5.6
Dodging        | 3 4 5 6 7 |  7.3
Invocations    | 5 6 7 8 |  8.8
Axes           | 5 6 7 8 |  8.2
Armour         | 5 6 7 8 |  8.2
Fighting       | 7 8 9 |  9.5

Action                   |  1- 3 |  4- 6 |  7- 9 | 10-12 || total
-------------------------+-------+-------+-------+-------++-------
Melee: Hand axe          |   112 |   154 |   294 |   282 ||   842
       Bite              |    14 |     9 |    38 |    43 ||   104
Throw: Dart              |       |    13 |    13 |     5 ||    31
Invok: Depart the Abyss  |     1 |       |       |       ||     1
       Banish            |       |       |       |     3 ||     3
       Bend Space        |       |       |       |     2 ||     2
  Use: Scroll            |     5 |       |     8 |     4 ||    17
       Potion            |     1 |       |       |     2 ||     3
Armor: Leather armour    |     8 |       |       |       ||     8
       Chain mail        |    68 |    86 |   120 |       ||   274
       Plate armour      |       |       |    57 |   206 ||   263
Dodge: Dodged            |    50 |    56 |   128 |   152 ||   386
Block: Buckler           |     4 |    13 |    79 |    95 ||   191

Table legend: (Time is in decaauts)
 A = Elapsed time spent in this place.
 B = Non-inter-level travel time spent in this place.
 C = Inter-level travel time spent in this place.
 D = Time resting spent in this place.
 E = Time spent auto-exploring this place.
 F = Levels seen in this place.
 G = Mean time per level.
                   A        B        C        D        E       F      G
               +--------+--------+--------+--------+--------+-----+--------+
         Total |  12301 |  12085 |    216 |   1675 |   8164 |  12 | 1025.1 |
       Dungeon |   9346 |   9163 |    183 |    829 |   6609 |   8 | 1168.2 |
          Lair |   2767 |   2734 |     33 |    846 |   1469 |   2 | 1383.5 |
         Abyss |    187 |    187 |      0 |      0 |     86 |   2 |   93.5 |
               +--------+--------+--------+--------+--------+-----+--------+

Top non-repeatable levels by time:
  Lair:1: 2023 daAuts
     D:8: 1518 daAuts
     D:7: 1216 daAuts
     D:5: 1184 daAuts
     D:6: 1177 daAuts
     D:3: 1121 daAuts
     D:1: 1118 daAuts
     D:4: 1111 daAuts
     D:2: 896 daAuts
  Lair:2: 743 daAuts
 Abyss:2: 117 daAuts
 Abyss:1: 70 daAuts
